AoeStats
← Everest_Эверест

Arena

509897131Analyzed
1v1 RM · 3d ago on Sep 28, 2026· 52m 15s· 2 players
Game mode
Random Map
Map size
Tiny (2 player)
Population
200
Speed
Normal
Resources
Standard
Victory
Conquest
Starting age
Dark Age
Ending age
Imperial Age
RankedLock teamsTeams togetherTeam positionsShared explorationLock speedFull tech treeHidden civsTurbo modeCheats
Victory
Defeat
🇷🇺 Bengalis · Russia
854
+17
🇰🇿 Vikings · Kazakhstan
885
-17
Everest_Эверест
9:15 Feudal Age
9:42 Horse Collar
9:48 Double-Bit Axe
16:27 Castle Age
16:00 Loom
18:14 Wheelbarrow
17:54 Bow Saw
27:00 Imperial Age
26:09 Hand Cart
27:43 Elite Elephant Archer
28:24 Fletching
28:34 Padded Archer Armor
28:48 Town Watch
29:38 Husbandry
29:49 Bloodlines
31:15 Ballistics
31:56 Chemistry
31:21 Town Patrol
31:54 Bodkin Arrow
32:14 Leather Archer Armor
32:35 Conscription
33:31 Bracer
34:09 Paiks
36:12 Gold Mining
36:15 Stone Mining
36:51 Mahayana
37:23 Heavy Plow
39:02 Gold Shaft Mining
40:48 Ring Archer Armor
41:13 Elite Ratha (Ranged)
42:59 Siege Engineers
42:40 Arrowslits
43:30 Forging
43:25 Scale Barding Armor
46:49 Man-at-Arms
47:14 Gambesons
48:20 Iron Casting
47:45 Scale Mail Armor
49:26 Siege Elephant
Mayki
0:37 Loom
11:18 Feudal Age
12:53 Double-Bit Axe
13:43 Horse Collar
17:31 Castle Age
16:06 Gold Mining
16:41 Scale Mail Armor
17:37 Forging
19:32 Heavy Plow
23:10 Bow Saw
26:03 Iron Casting
25:29 Stone Mining
26:18 Gold Shaft Mining
28:35 Chain Mail Armor
28:46 Squires
29:25 Arson
29:30 Pikeman
29:39 Pikeman
31:32 Light Cavalry
32:32 Town Watch
33:08 Scale Barding Armor
39:13 Imperial Age
36:45 Town Patrol
39:31 Capped Ram
40:05 Elite Varangian Guard
41:07 Siege Ram
43:41 Chieftains
45:50 Onager
Connection lost

Rejoining the realm…

Still unreachable

The connection could not be restored.

Session expired

The server has moved on; the page needs a fresh start.